 Dungeon Crawl Stone Soup version 0.28.0-47-ge53b351184 (webtiles) character file.

Game seed: 4620127914784065307

286 bobregger the Cudgeller (level 6, -4/62 HPs)
             Began as an Ogre Berserker on Apr 26, 2022.
             Was a Believer of Trog.
             Slain by an iguana (9 damage)
             ... on level 4 of the Dungeon.
             The game lasted 00:04:17 (4749 turns).

bobregger the Cudgeller (Ogre Berserker)            Turns: 4749, Time: 00:04:17

Health: -4/62      AC:  3    Str: 22    XL:     6   Next: 30%
Magic:  6/6        EV: 10    Int:  8    God:    Trog [**....]
Gold:   52         SH:  0    Dex: 10    Spells: 5/5 levels left

rFire   + . .      SeeInvis .   a - +0 mace
rCold   . . .      Faith    .   (no shield)
rNeg    . . .      Spirit   .   b - +0 animal skin
rPois   .          Reflect  .   (helmet restricted)
rElec   .          Harm     .   j - scarf {+Inv}
rCorr   .          Rampage  .   (gloves unavailable)
Will    .....                   (boots unavailable)
Stlth   +.........              (no amulet)
HPRegen 0.20/turn               (no ring)
MPRegen 0.10/turn               (no ring)

@: on berserk cooldown, slowed, very slow
A: large, unfitting armour, tough skin 1, fire resistance 1
a: Renounce Religion, Evoke Invisibility, Berserk, Trog's Hand


You were on level 4 of the Dungeon.
You worshipped Trog.
Trog was pleased with you.
You visited 1 branch of the dungeon, and saw 4 of its levels.

You collected 52 gold pieces.

Inventory:

Hand Weapons
 a - a +0 mace (weapon)
Armour
 b - a +0 animal skin (worn)
 j - a scarf of invisibility (worn)
Jewellery
 f - an amulet of the acrobat
Wands
 d - a wand of charming (8)
Scrolls
 c - a scroll of torment {unknown}
 e - a scroll of holy word {unknown}
 g - a scroll of teleportation {unknown}
 m - a scroll of identify {unknown}
 n - 2 scrolls of fear {unknown}
Potions
 h - a potion of brilliance
 i - a potion of cancellation {unknown}
 l - a potion of lignification {unknown}


   Skills:
 - Level 4.0 Fighting
 + Level 6.2 Maces & Flails
 - Level 2.6 Dodging


You had 5 spell levels left.
You didn't know any spells.
Your spell library was empty.

Dungeon Overview and Level Annotations

Branches:
Dungeon (4/15)             Temple (0/1) D:4

Altars:
Makhleb
Sif Muna
Yredelemnul


Innate Abilities, Weirdness & Mutations

You are too large for most types of armour.
You have tough skin. (AC +1)
Your flesh is heat resistant. (rF+)


Message History

The iguana is moderately wounded.
The iguana bites you! The iguana misses you.
You closely miss the iguana.
The iguana is moderately wounded.
The iguana barely misses you.
You hit the iguana but do no damage.
The iguana is moderately wounded.
The iguana bites you. The iguana closely misses you.
You completely miss the iguana.
The iguana is moderately wounded.
The iguana bites you! The iguana barely misses you.
You barely miss the iguana.
The iguana is moderately wounded.
The iguana closely misses you.
You closely miss the iguana.
The iguana is moderately wounded.
The iguana barely misses you. x2
You hit the iguana.
The iguana is heavily wounded.
The iguana barely misses you. The iguana closely misses you.
You completely miss the iguana.
The iguana is heavily wounded.
The iguana bites you!
You're still recovering from your berserk rage.
You hit the iguana but do no damage.
The iguana is heavily wounded.
The iguana barely misses you. The iguana bites you!
* * * LOW HITPOINT WARNING * * *
You closely miss the iguana.
The iguana is heavily wounded.
The iguana closely misses you. The iguana barely misses you.
You're still recovering from your berserk rage.
You barely miss the iguana.
The iguana is heavily wounded.
The iguana bites you!
* * * LOW HITPOINT WARNING * * *
You hit the iguana.
The iguana is almost dead.
The iguana bites you!
You die...

#... #... #..
... #.# #####
#[#####
+..<####.....#
####.†..@....#
#...#l#...#
#..#.#.#..#
#.#:#.#.#.#
#..#.>.#..#
#.# #.#.#.#
#$/ #.#.(# #..
#...# .#


You could see an iguana.

Vanquished Creatures
  A hound (D:3)
  Terence (D:1)
  Natasha (thrice) (D:2)
  Ijyb (D:3)
  A killer bee zombie (D:3)
  5 adders
  An ufetubus (D:3)
  A worm (D:3)
  A dart slug (D:1)
  9 endoplasms
  A giant cockroach (D:2)
  3 goblins
  4 hobgoblins
  6 jackals
  2 quokkas
  3 ball pythons
  3 bats
  4 frilled lizards (D:3)
  7 kobolds
  11 rats
68 creatures vanquished.

Notes
Turn   | Place    | Note
-------+----------+-------------------------------------------
     0 | D:1      | bobregger the Ogre Berserker began the quest for the Orb.
     0 | D:1      | Reached XP level 1. HP: 24/24 MP: 1/1
   188 | D:1      | Reached skill level 3 in Maces & Flails
   400 | D:1      | Reached XP level 2. HP: 22/32 MP: 2/2
  1193 | D:2      | Noticed Terence
  1193 | D:2      | Found a faded altar of an unknown god.
  1309 | D:1      | Killed Terence
  1310 | D:1      | Reached skill level 4 in Maces & Flails
  1310 | D:1      | Reached XP level 3. HP: 39/39 MP: 3/3
  1489 | D:2      | Noticed Natasha
  1500 | D:2      | Killed Natasha
  1501 | D:2      | Reached XP level 4. HP: 27/48 MP: 4/4
  2022 | D:2      | Noticed Natasha
  2032 | D:2      | Killed Natasha
  2221 | D:2      | Noticed Natasha
  2232 | D:2      | Killed Natasha
  2233 | D:2      | Reached skill level 5 in Maces & Flails
  2233 | D:2      | Reached XP level 5. HP: 47/54 MP: 5/5
  2233 | D:2      | Reached ** piety under Trog
  2817 | D:3      | Found a basalt altar of Yredelemnul.
  2819 | D:3      | Found a shimmering blue altar of Sif Muna.
  2941 | D:3      | Found a burning altar of Makhleb.
  3728 | D:3      | Noticed Ijyb
  3737 | D:3      | Gained mutation: Your flesh is heat resistant. (rF+)
                  | [potion of mutation]
  3743 | D:3      | Reached XP level 6. HP: 62/62 MP: 6/6
  3747 | D:3      | Killed Ijyb
  3748 | D:3      | Reached skill level 6 in Maces & Flails
  4719 | D:4      | Found a staircase to the Ecumenical Temple.
  4749 | D:4      | Slain by an iguana

Illustrated notes

Levels and vault maps discovered:
D:1:      minmay_arrival_cross, layout_basic
D:2:      layout_basic, ebering_ecumenical_altar_rust, minmay_tromino_v4_b,
          uniq_terence, uniq_natasha
D:3:      minmay_skewed_foursquare, layout_basic,
          gammafunk_temple_overflow_forgotten, uniq_ijyb
D:4:      layout_basic, minmay_temple_entry_grid, item_on_display_b

Skill      XL: |  1  2  3  4  5  6 |
---------------+-------------------+-----
Maces & Flails | 3 4 5 6 |  6.2
Fighting       | |  4.0
Dodging        | |  2.6

Action                   |  1- 3 |  4- 6 || total
-------------------------+-------+-------++-------
Melee: Mace              |    97 |   204 ||   301
       Punch             |     2 |       ||     2
Invok: Berserk           |     2 |     4 ||     6
  Use: Potion            |       |     4 ||     4
Armor: Animal skin       |    42 |    65 ||   107
Dodge: Dodged            |    61 |   115 ||   176
